Map: Oxide LE

Players

souL - Winner!

  • Race: Terran Terran

ShaDoWn

  • Race: Protoss Protoss

Event: DreamHack SC2 Masters 2021 Fall

VOD

Have the link to the VOD?

Description

Time

  • Played on: Aug. 4, 2021, 12:34 p.m.
  • Length: 10:21

All games in this series

Show
View Real Time Build Order
Export as new Build Order

souL Terran - Winner!

Build Orders:  

Get SALT Encoding   

  12  0:00  SCV  
  13  0:12  SCV  
  14  0:16  Supply Depot  
  14  0:24  SCV  
  15  0:38  SCV  
  15  0:40  Barracks  
  16  0:44  Refinery  
  16  0:50  SCV  
  17  1:02  SCV  
  18  1:14  SCV  
  19  1:27  Marine, Orbital Command  
  20  1:39  Command Center  
  20  1:51  Factory  
  20  1:53  SCV  
  21  2:05  Barracks Reactor, SCV  
  22  2:09  Supply Depot  
  22  2:12  Refinery  
  22  2:17  SCV  
  23  2:31  SCV  
  24  2:40  Starport  
  24  2:43  SCV  
  25  2:46  Hellion x2  
  25  2:47  Marine  
  30  2:53  Orbital Command  
  30  3:06  Barracks Tech Lab  
  30  3:07  Hellion x2  
  30  3:09  SCV  
  35  3:16  Medivac  
  37  3:20  SCV  
  37  3:21  SCV  
  39  3:29  Supply Depot  
  39  3:32  SCV  
  39  3:33  Marine x2  
  42  3:37  Cyclone  
  42  3:39  SCV  
  46  3:43  Bunker  
  46  3:50  SCV  
  46  3:53  Supply Depot, SCV  
  48  3:58  Marine  
  47  4:08  SCV  
  47  4:09  Cyclone  
  51  4:13  Marine  
  51  4:14  SCV  
  53  4:20  SCV  
  53  4:23  Marine  
  49  4:26  SCV  
  49  4:28  Barracks  
  49  4:29  Bunker, Engineering Bay  
  50  4:32  SCV  
  50  4:37  Marine  
  50  4:38  SCV  
  53  4:44  SCV, Siege Tank  
  55  4:50  SCV  
  56  4:52  Bunker  
  56  4:55  Marine  
  56  4:56  SCV  
  56  4:59  Missile Turret  
  58  5:02  SCV  
  59  5:08  Marine, SCV  
  59  5:13  Marine  
  62  5:17  Barracks Tech Lab  
  62  5:21  SCV  
  62  5:28  Command Center  
  62  5:30  Refinery x2  
  62  5:36  Stimpack  
  62  5:42  Supply Depot x2, Barracks  
  62  5:52  Engineering Bay  
  62  5:55  Terran Infantry Weapons Level 1  
  62  5:59  Barracks  
  62  6:01  Barracks  
  62  6:03  Marine x2, SCV x2, Siege Tank  
  62  6:04  Medivac, Marauder  
  73  6:06  Supply Depot x2  
  73  6:15  SCV x2  
  75  6:20  Terran Infantry Armor Level 1  
  75  6:21  Marine x2  
  78  6:25  Marauder  
  78  6:28  SCV  
  78  6:30  Supply Depot x2  
  79  6:34  Starport Reactor  
  79  6:38  SCV  
  79  6:39  Marine  
  81  6:40  Combat Shield  
  81  6:42  Orbital Command  
  81  6:44  Marauder  
  85  6:47  Marauder  
  85  6:48  SCV  
  85  6:50  SCV, Factory Reactor  
  85  6:53  Supply Depot  
  87  6:55  Barracks Reactor, Barracks Tech Lab  
  87  6:56  Marine  
  87  7:00  SCV  
  89  7:02  SCV  
  89  7:06  Orbital Command, Marauder  
  92  7:08  Marauder  
  92  7:12  SCV  
  92  7:14  Medivac x2  
  92  7:15  SCV  
  98  7:16  Concussive Shells  
  98  7:17  Marine  
  98  7:18  Marauder  
  100  7:24  SCV  
  100  7:27  Marine, SCV, Marauder  
  107  7:30  Marauder  
  107  7:32  SCV, Armory  
  107  7:35  Marine  
  107  7:36  SCV  
  110  7:38  Widow Mine  
  110  7:39  SCV, Widow Mine, Marauder  
  110  7:44  SCV, Medivac  
  118  7:49  Marine, Marauder  
  122  7:51  SCV  
  122  7:52  Marine  
  122  7:55  Medivac  
  122  7:56  Marine  
  122  7:58  Marine  
  125  8:00  Widow Mine  
  125  8:05  Refinery x2  
  128  8:07  Supply Depot  
  128  8:08  SCV x2  
  128  8:09  SCV  
  128  8:11  Bunker  
  133  8:12  Marauder  
  133  8:17  Marine, Medivac  
  136  8:24  SCV  
  136  8:25  Medivac  
  139  8:29  Widow Mine  
  139  8:30  SCV, Ghost Academy, Command Center  
  139  8:33  Marine, Marauder  
  137  8:39  Marine  
  137  8:40  SCV  
  139  8:44  Marine, Marauder x2  
  139  8:47  Widow Mine, Medivac  
  139  8:48  Marine  
  149  8:58  Marine x3  
  149  9:01  Medivac  
  149  9:02  Marine  
  143  9:05  Marine  
  132  9:15  Widow Mine  
  132  9:16  Widow Mine  
  79  9:17  Medivac  
  133  9:18  SCV x3  
  139  9:25  Ghost  
  139  9:26  Ghost x2  
  139  9:28  Marine  
  139  9:30  SCV x3  
  139  9:31  Medivac  
  141  9:37  Marine  
  134  9:39  Marine  
  134  9:42  SCV x3  
  136  9:46  Marine  
  136  9:47  Widow Mine x2  
  136  9:49  Medivac  
  143  9:53  Marine  
  143  9:54  SCV x3  
  143  9:55  Marine, Marauder x2  
  143  9:56  Marine, Marauder  
  151  10:06  SCV x3  
Show
View Real Time Build Order
Export as new Build Order

ShaDoWn Protoss 

Build Orders: 1 Gate Expand, Archon Immortal, Blink Stalkers 

Get SALT Encoding   

  12  0:00  Probe  
  13  0:12  Probe  
  14  0:17  Pylon  
  14  0:24  Probe  
  15  0:28  Assimilator  
  15  0:36  Probe (Chrono Boost)  
  15  0:41  Gateway  
  16  0:46  Probe (Chrono Boost)  
  17  0:51  Probe (Chrono Boost)  
  18  1:03  Probe  
  19  1:15  Probe  
  20  1:21  Nexus  
  20  1:31  Cybernetics Core  
  20  1:34  Probe  
  20  1:38  Assimilator  
  21  1:46  Probe  
  22  1:49  Pylon  
  22  1:58  Probe (Chrono Boost)  
  23  2:05  Adept (Chrono Boost)  
  26  2:08  Warp Gate  
  26  2:10  Probe (Chrono Boost)  
  26  2:15  Probe (Chrono Boost)  
  27  2:25  Probe  
  27  2:27  Twilight Council  
  27  2:28  Stalker  
  30  2:33  Probe  
  32  2:37  Probe  
  32  2:45  Probe (Chrono Boost)  
  32  2:48  Robotics Facility  
  34  2:53  Probe (Chrono Boost)  
  34  2:57  Probe (Chrono Boost)  
  35  3:03  Probe x2 (Chrono Boost)  
  35  3:04  Stalker  
  39  3:11  Probe  
  40  3:13  Probe  
  40  3:15  Gateway  
  41  3:21  Pylon  
  41  3:23  Blink (Chrono Boost), Probe  
  41  3:26  Probe  
  43  3:34  Pylon  
  43  3:36  Observer, Probe  
  43  3:39  Probe  
  46  3:46  Gateway  
  46  3:48  Probe  
  47  3:51  Gateway  
  47  3:55  Gateway, Probe  
  47  4:00  Probe  
  38  4:10  Probe  
  38  4:14  Stalker x2  
  37  4:22  Probe (Chrono Boost)  
  37  4:23  Probe (Chrono Boost)  
  37  4:35  Probe (Chrono Boost)  
  37  4:36  Probe (Chrono Boost)  
  39  4:40  Probe (Chrono Boost)  
  39  4:41  Probe (Chrono Boost)  
  41  4:48  Observer, Warp Prism (Chrono Boost)  
  41  4:49  Probe  
  41  4:50  Probe  
  45  5:01  Probe  
  45  5:02  Probe  
  47  5:13  Probe  
  48  5:14  Probe  
  48  5:15  Nexus  
  49  5:24  Charge  
  49  5:25  Probe (Chrono Boost)  
  51  5:31  Probe (Chrono Boost)  
  52  5:36  Gateway, Probe (Chrono Boost)  
  52  5:41  Probe x2 (Chrono Boost)  
  54  5:51  Probe x2  
  54  5:54  Assimilator  
  54  5:56  Assimilator  
  60  6:03  Probe x2  
  58  6:05  Pylon  
  58  6:07  Gateway  
  58  6:09  Gateway x2  
  58  6:14  Templar Archives  
  58  6:16  Probe  
  58  6:17  Probe  
  60  6:28  Probe (Chrono Boost)  
  60  6:29  Probe x2 (Chrono Boost)  
  63  6:34  Immortal  
  68  6:40  Probe (Chrono Boost)  
  68  6:41  Probe (Chrono Boost)  
  68  6:42  Probe (Chrono Boost)  
  70  6:47  Probe x2 (Chrono Boost)  
  70  6:48  Psionic Storm, Probe (Chrono Boost)  
  70  6:53  Sentry  
  75  6:54  Pylon, Probe  
  75  6:55  Probe  
  75  6:56  Probe  
  78  7:06  Observer, Probe  
  78  7:07  Probe  
  78  7:08  Probe  
  81  7:09  Assimilator  
  81  7:10  High Templar x2  
  81  7:13  Assimilator  
  81  7:15  Pylon  
  85  7:17  Shield Battery  
  85  7:18  Probe  
  85  7:19  Probe, Immortal  
  91  7:24  Probe  
  91  7:27  Pylon  
  91  7:32  Pylon  
  91  7:34  Pylon  
  91  7:36  Pylon  
  91  7:38  Zealot x5  
  101  7:57  Probe  
  104  7:58  Immortal  
  104  8:00  High Templar  
  104  8:01  High Templar  
  104  8:03  Zealot x2  
  104  8:04  Zealot x4  
  120  8:10  Forge  
  120  8:15  Pylon  
  120  8:27  High Templar x4  
  120  8:28  Zealot x2  
  120  8:31  Archon x2  
  132  8:40  Observer  
  131  8:46  Photon Cannon  
  131  8:48  Zealot x4  
  132  8:51  Pylon  
  104  9:03  Probe  
  104  9:05  Probe  
  104  9:06  Probe  
  104  9:07  Zealot x2  
  104  9:09  Immortal (Chrono Boost)  
  93  9:16  Probe  
  77  9:17  High Templar x3, Zealot  
  77  9:18  Zealot x2  
  77  9:20  Probe  
  88  9:28  Probe  
  88  9:29  Probe  
  88  9:31  Zealot x2  
  94  9:36  Shield Battery  
  94  9:38  Zealot x3  
  83  9:49  Zealot x3  
  81  9:54  Archon  
  81  9:55  Zealot x2  
  81  9:59  Zealot x2  
  91  10:00  Zealot  
  77  10:09  Zealot x3  
  79  10:16  Zealot x2  

Tags
 
Add a new tag
Caveats
  • Supply blocks, unpowered buildings, or Contaminate may cause inaccurate times.
  • Supply counts are checked every 10 seconds.